 Dungeon Crawl Stone Soup version 0.21-a0-401-g0b6bec4 (webtiles) character file.

125 nikopol the Firebug (level 4, 0/24 HPs)
             Began as a Deep Elf Fire Elementalist on Oct 21, 2017.
             Slain by a jackal (2 damage)
             ... on level 3 of the Dungeon.
             The game lasted 00:05:31 (1508 turns).

nikopol the Firebug (Deep Elf Fire Elementalist)    Turns: 1508, Time: 00:05:32

Health: 0/24       AC:  2    Str:  5    XL:     4   Next: 82%
Magic:  0/12       EV: 13    Int: 21    God:
Gold:   102        SH:  0    Dex: 15    Spells: 5/11 levels left

rFire    . . .     SeeInvis .   e - -3 whip (curse)
rCold    . . .     Gourm    .   (no shield)
rNeg     . . .     Faith    .   a - +0 robe
rPois    .         Spirit   .   (no helmet)
rElec    .         Reflect  .   (no cloak)
rCorr    .         Harm     .   (no gloves)
MR       .....                  (no boots)
Stlth    ++........             (no amulet)
HPRegen  0.08/turn              (no ring)
MPRegen  0.13/turn              (no ring)

@: no status effects
A: no striking features
a: no special abilities


You were on level 3 of the Dungeon.
You were not hungry.

You visited 1 branch of the dungeon, and saw 3 of its levels.

You collected 102 gold pieces.

Inventory:

Hand Weapons
 e - a cursed -3 whip (weapon)
Armour
 a - a +0 robe (worn)
Jewellery
 j - an uncursed ring of fire {unknown}
 n - an uncursed amulet of regeneration {unknown}
Scrolls
 f - 2 scrolls of blinking {unknown}
 g - a scroll of enchant weapon {unknown}
 m - 6 scrolls of identify {unknown}
 q - 2 scrolls of magic mapping {unknown}
 r - a scroll of amnesia {unknown}
 s - a scroll of remove curse {unknown}
 t - a scroll of enchant armour {unknown}
 u - a scroll of teleportation {unknown}
Potions
 h - a potion of curing {unknown}
 k - a potion of magic {unknown}
 l - 2 potions of flight {unknown}
 p - 2 potions of ambrosia {unknown}
Books
 b - a book of Flames

   Spells                             Type                      Level
   a - Flame Tongue                   Conjuration/Fire             1
   b - Throw Flame                    Conjuration/Fire             2
   c - Conjure Flame                  Conjuration/Fire             3
   d - Inner Flame                    Hexes/Fire                   3
   e - Sticky Flame                   Conjuration/Fire             4
   f - Fireball                       Conjuration/Fire             5
Comestibles
 c - 2 bread rations
 d - 4 fruits
 o - a royal jelly


   Skills:
 + Level 0.4 Fighting
 + Level 3.1 Dodging
 + Level 2.8 Stealth
 + Level 4.0 Spellcasting
 + Level 2.0 Conjurations
 + Level 4.7 Fire Magic


You had 5 spell levels left.
You knew the following spells:

 Your Spells              Type           Power        Failure   Level  Hunger
a - Flame Tongue          Conj/Fire      ###..        3%          1    None
b - Throw Flame           Conj/Fire      ###...       4%          2    #......
c - Conjure Flame         Conj/Fire      ###.....     9%          3    ###....


Dungeon Overview and Level Annotations

Branches:
Dungeon (3/15)

Altars:
Gozag
Hepliaklqana
Makhleb
Qazlal
Ru
Uskayaw
Xom
Zin
The Shining One


Message History

Casting: Flame Tongue
Confirm with . or Enter, or press ? or * to list all spells.
Aiming: Flame Tongue
Press: ? - help, Shift-Dir - straight line, f - worm
Aim: a worm The flame tongue hits the worm.
The worm is moderately wounded.
The jackal bites you.
* * * LOW HITPOINT WARNING * * *
The jackal barely misses you.
You hit the worm but do no damage.
The worm is moderately wounded.
The jackal bites you but does no damage.
The worm bites you but does no damage.
A worm comes into view.
You hit the worm but do no damage.
The worm is lightly wounded.
The jackal bites you but does no damage.
The jackal bites you.
You die...

#.... # #..... ##.
#.... #..## ##..#
#.#....##...##
#$...........## .
..............# ...
.............g####.....
.........w..grh@w$.....
.##..........##########
##...##...## #### #####


You could see 2 worms, 2 gnolls, a jackal and a rat.

Vanquished Creatures
  A hound skeleton (D:2)
  4 adders
  2 oozes
  A worm (D:2)
  2 dart slugs
  A leopard gecko (D:1)
  2 ball pythons (D:2)
  7 giant cockroaches
  4 goblins (D:1)
  6 hobgoblins
  6 jackals
  5 kobolds
  3 quokkas
  7 bats
  2 frilled lizards
  6 rats
59 creatures vanquished.

Notes
Turn   | Place    | Note
-------+----------+-------------------------------------------
     0 | D:1      | nikopol the Deep Elf Fire Elementalist began the quest for the Orb.
     0 | D:1      | Reached XP level 1. HP: 10/10 MP: 6/6
   137 | D:1      | Reached XP level 2. HP: 15/15 MP: 5/8
   426 | D:1      | Reached XP level 3. HP: 18/19 MP: 4/9
   997 | D:2      | Reached XP level 4. HP: 18/24 MP: 3/11
  1060 | D:2      | Learned a level 2 spell: Throw Flame
  1064 | D:2      | Learned a level 3 spell: Conjure Flame
  1313 | D:2      | Found a glowing silver altar of Zin.
  1313 | D:2      | Found a hide-covered altar of Uskayaw.
  1318 | D:2      | Found a stormy altar of Qazlal.
  1320 | D:2      | Found a glowing golden altar of the Shining One.
  1322 | D:2      | Found a sacrificial altar of Ru.
  1453 | D:3      | Found an opulent altar of Gozag.
  1453 | D:3      | Found a shimmering altar of Xom.
  1453 | D:3      | Found a burning altar of Makhleb.
  1453 | D:3      | Found a hazy altar of Hepliaklqana.
  1508 | D:3      | Slain by a jackal

Vault maps used:
D:1:      grunt_arrival_crossed_arrows
D:2:      chequers_temple_overflow_minitemple
D:3:      minmay_door_path, chequers_temple_overflow_statue_of_worship

Skill      XL: |  1  2  3  4 |
---------------+-------------+-----
Dodging        | 3 |  3.1
Fire Magic     | 4 |  4.7
Conjurations   | 2 |  2.0
Spellcasting   | 4 |  4.0
Fighting       | |  0.4
Stealth        | |  2.8

Action                   |  1- 3 |  4- 6 || total
-------------------------+-------+-------++-------
Melee: Whip              |       |     7 ||     7
 Cast: Flame Tongue      |    64 |    42 ||   106
  Eat: Chunk             |       |     2 ||     2
Armor: Robe              |     4 |     3 ||     7
Dodge: Dodged            |    17 |    20 ||    37

Table legend:
 A = Spawn XP
 B = Non-spawn XP
 C = Spawn XP percentage of total XP
 D = Spawn monster count
 E = Non-spawn monster count
 F = Spawn count percentage of total count
 G = Total turns spent on level
                    A         B        C        D         E        F      G
               +---------+---------+-------+---------+---------+-------+---------
         Total |       0 |     179 |   0.0 |       0 |      59 |   0.0 |  1508
               +---------+---------+-------+---------+---------+-------+---------
           D:1 |       0 |      71 |   0.0 |       0 |      29 |   0.0 |   941
           D:2 |       0 |      70 |   0.0 |       0 |      20 |   0.0 |   512
           D:3 |       0 |      38 |   0.0 |       0 |      10 |   0.0 |    55
               +---------+---------+-------+---------+---------+-------+---------
